Map: [ESL] Alcyone

Players

Jim - Winner!

  • Race: Protoss Protoss
  • Spawn Location: 1:00

Firefly

  • Race: Protoss Protoss
  • Spawn Location: 7:00

Event: ESL SC2 Masters 2024 Spring (Regional)

VOD

Have the link to the VOD?

Description

Time

  • Played on: April 11, 2024, 9:07 a.m.
  • Length: 6:12

All games in this series

Show
View Real Time Build Order
Export as new Build Order

Jim Protoss - Winner!

Build Orders: Phoenix Opening, Dark Templar Rush 

Get SALT Encoding   

  12  0:00  Probe  
  13  0:12  Probe  
  14  0:19  Pylon  
  14  0:24  Probe  
  15  0:37  Probe (Chrono Boost)  
  15  0:38  Gateway  
  16  0:47  Assimilator, Probe (Chrono Boost)  
  17  0:52  Probe (Chrono Boost)  
  17  0:56  Assimilator  
  18  1:03  Probe (Chrono Boost)  
  19  1:09  Gateway  
  19  1:13  Probe (Chrono Boost)  
  19  1:18  Probe (Chrono Boost)  
  21  1:28  Cybernetics Core  
  21  1:30  Probe  
  22  1:36  Pylon  
  22  1:42  Probe  
  23  1:54  Probe  
  24  2:04  Warp Gate (Chrono Boost), Sentry  
  24  2:05  Stalker  
  24  2:08  Probe  
  29  2:12  Pylon  
  29  2:27  Pylon  
  29  2:28  Stalker  
  31  2:38  Twilight Council  
  31  2:41  Phoenix  
  33  2:57  Nexus  
  31  2:58  Shield Battery  
  31  3:05  Pylon  
  31  3:12  Probe  
  32  3:24  Probe  
  33  3:30  Dark Shrine  
  33  3:36  Probe  
  33  3:38  Gateway  
  34  3:45  Stalker  
  34  3:47  Stalker  
  38  3:51  Probe (Chrono Boost)  
  40  4:03  Probe (Chrono Boost)  
  41  4:11  Probe (Chrono Boost)  
  41  4:12  Probe (Chrono Boost)  
  41  4:15  Stalker  
  44  4:18  Probe (Chrono Boost)  
  44  4:20  Stalker, Probe (Chrono Boost)  
  44  4:23  Probe (Chrono Boost)  
  48  4:29  Probe  
  50  4:35  Probe  
  51  4:42  Dark Templar x2  
  55  4:48  Probe x2  
  55  4:49  Dark Templar  
  57  5:00  Nexus  
  57  5:03  Probe  
  57  5:06  Probe  
  59  5:18  Probe  
  60  5:22  Forge, Probe  
  61  5:46  Assimilator  
  61  5:47  Gateway, Pylon  
  61  5:50  Gateway  
Show
View Real Time Build Order
Export as new Build Order

Firefly Protoss 

Build Orders:  

Get SALT Encoding   

  12  0:00  Probe  
  13  0:12  Probe  
  14  0:17  Pylon  
  14  0:24  Probe (Chrono Boost)  
  15  0:36  Gateway, Probe (Chrono Boost)  
  16  0:45  Probe (Chrono Boost)  
  16  0:46  Assimilator  
  17  0:51  Probe  
  17  0:54  Assimilator  
  18  1:03  Probe (Chrono Boost)  
  19  1:07  Gateway  
  20  1:12  Probe (Chrono Boost)  
  20  1:17  Probe (Chrono Boost)  
  20  1:23  Cybernetics Core  
  21  1:29  Probe  
  22  1:34  Pylon  
  22  1:41  Probe  
  23  1:53  Probe  
  24  2:00  Stalker x2  
  28  2:02  Warp Gate  
  28  2:06  Probe  
  29  2:12  Pylon  
  29  2:30  Stalker x2  
  33  2:53  Nexus  
  33  3:00  Probe  
  34  3:06  Twilight Council  
  34  3:12  Probe  
  35  3:22  Pylon  
  35  3:24  Probe  
  35  3:36  Probe (Chrono Boost)  
  35  3:38  Sentry  
  35  3:39  Sentry  
  40  3:48  Probe (Chrono Boost)  
  41  3:54  Probe (Chrono Boost)  
  42  4:03  Probe (Chrono Boost)  
  42  4:05  Probe (Chrono Boost)  
  44  4:14  Probe (Chrono Boost)  
  44  4:15  Probe (Chrono Boost)  
  46  4:18  Probe (Chrono Boost)  
  46  4:20  Probe (Chrono Boost)  
  46  4:22  Stalker x2  
  52  4:29  Probe  
  53  4:32  Probe  
  53  4:37  Nexus  
  54  4:41  Probe  
  54  4:44  Probe, Pylon  
  56  4:53  Probe  
  56  4:56  Forge, Probe  
  56  4:59  Stalker  
  60  5:05  Robotics Facility  
  58  5:08  Probe  
  58  5:09  Probe  
  44  5:22  Stalker  
  43  5:30  Photon Cannon  
  43  5:34  Probe  
Tags
 
Add a new tag
Caveats
  • Supply blocks, unpowered buildings, or Contaminate may cause inaccurate times.
  • Supply counts are checked every 10 seconds.